AoeStats
← InTrUsIoN

Nomad

509607994Analyzed
4v4 RM · 4d ago on Sep 27, 2026· 62m 34s· 8 players
Game mode
Random Map
Map size
231×231
Population
200
Speed
Normal
Resources
Standard
Victory
Conquest
Starting age
Dark Age
Ending age
Imperial Age
RankedLock teamsTeams togetherTeam positionsShared explorationLock speedFull tech treeHidden civsTurbo modeCheats
Victory
Defeat
🇨🇳 Byzantines · China
644
+11
🇺🇸 Saxons · United States
611
+12
🇮🇩 Varangians · Indonesia
604
+12
🇯🇵 Mongols · Japan
495
+16
🇬🇧 Franks · United Kingdom
546
-14
🇨🇭 Sicilians · Switzerland
522
-13
🇧🇪 Bulgarians · Belgium
507
-12
🇺🇸 Lithuanians · United States
506
-12
((W@W)) Rahi
23:58 Feudal Age
26:58 Wheelbarrow
30:55 Gold Mining
30:55 Stone Mining
32:03 Double-Bit Axe
34:45 Castle Age
37:52 Hand Cart
37:51 Bow Saw
46:42 Scale Barding Armor
46:49 Forging
49:13 Imperial Age
49:06 Iron Casting
49:26 Cavalier
52:51 Blast Furnace
52:12 Chain Barding Armor
51:44 Paladin
53:30 Paladin
InTrUsIoN
14:32 Loom
17:21 Feudal Age
17:55 Horse Collar
20:48 Double-Bit Axe
24:12 Wheelbarrow
30:39 Castle Age
29:22 Bloodlines
31:03 Forging
30:59 Scale Barding Armor
32:28 Light Cavalry
33:33 Pikeman
43:51 Bow Saw
49:12 Husbandry
50:19 Stone Mining
50:51 Hand Cart
57:49 Imperial Age
58:14 Winged Hussar
Umiker
3:44 Loom
14:50 Feudal Age
18:03 Town Watch
18:54 Wheelbarrow
27:52 Castle Age
28:06 Fletching
28:30 Forging
30:57 Medium Warships
30:29 Fishing Lines
31:00 Husbandry
31:18 Double-Bit Axe
31:17 Horse Collar
34:24 Bodkin Arrow
35:06 Iron Casting
34:32 Scale Mail Armor
35:19 Squires
35:05 Arson
35:07 Gambesons
39:16 Bloodlines
40:28 Murder Holes
40:02 Pikeman
47:47 Hand Cart
Roa di Ronqi
8:15 Loom
15:55 Feudal Age
17:08 Double-Bit Axe
18:45 Gold Mining
27:02 Castle Age
27:53 Husbandry
28:44 Stone Mining
30:36 Bloodlines
29:51 Pikeman
30:59 Scale Barding Armor
30:19 Light Cavalry
31:43 Wheelbarrow
32:43 Forging
35:21 Iron Casting
37:59 Hand Cart
44:37 Imperial Age
42:17 Horse Collar
44:49 Chain Barding Armor
47:19 Chemistry
46:39 Ballistics
46:30 Masonry
46:37 Town Watch
46:26 Capped Ram
46:30 Halberdier
47:13 Scale Mail Armor
48:13 Blast Furnace
46:37 Elite Skirmisher
47:37 Heavy Plow
48:21 Gambesons
48:38 Squires
49:34 Town Patrol
49:09 Siege Ram
50:36 Arson
51:13 Chain Mail Armor
50:50 Fletching
51:01 Padded Archer Armor
54:33 Bodkin Arrow
55:09 Plate Mail Armor
L0TROttoSkyW
5:58 Loom
19:50 Feudal Age
24:40 Wheelbarrow
42:38 Scale Mail Armor
42:36 Fletching
43:18 Man-at-Arms
44:49 Gold Mining
44:45 Horse Collar
45:11 Padded Archer Armor
45:22 Forging
45:20 Scale Barding Armor
47:27 Castle Age
45:39 Fishing Lines
51:39 Hand Cart
51:51 Leather Archer Armor
53:50 Bodkin Arrow
55:58 Thumb Ring
56:07 Gambesons
56:24 Squires
2824533090
13:53 Feudal Age
21:03 Gold Mining
21:07 Double-Bit Axe
24:37 Castle Age
22:50 Stone Mining
30:06 Gold Shaft Mining
32:30 Man-at-Arms
33:11 Squires
32:58 Gambesons
32:59 Arson
33:14 Long Swordsman
39:59 Imperial Age
38:13 Scale Mail Armor
38:24 Forging
42:03 Bow Saw
42:04 Two-Handed Swordsman
42:43 Horse Collar
44:24 Champion
45:44 Scale Barding Armor
45:58 Chain Mail Armor
46:18 Iron Casting
46:38 Conscription
48:31 Hoardings
47:20 Cavalier
51:26 Husbandry
52:01 Plate Mail Armor
51:40 Heavy Camel Rider
52:44 Capped Ram
55:02 Paladin
56:41 Wheelbarrow
57:16 Two-Man Saw
60:47 Stone Shaft Mining
61:42 Elite Cataphract
62:34 Logistica
62:36 Heavy Plow
satoshi.urushiyama
5:48 Loom
18:54 Feudal Age
20:44 Fishing Lines
23:01 Man-at-Arms
27:37 Castle Age
26:24 Wheelbarrow
30:20 Gillnets
33:51 Hand Cart
35:37 Stone Mining
35:37 Gold Mining
39:13 Imperial Age
37:36 Thumb Ring
37:40 Husbandry
37:51 Bloodlines
38:26 Nomads
41:57 Caravan
41:23 Elite Steppe Lancer
43:22 Capped Ram
44:30 Drill
45:28 Siege Ram
47:32 Caravan
60:28 Elite Mangudai
BlueGuardian
7:49 Loom
15:00 Feudal Age
15:35 Double-Bit Axe
16:32 Fishing Lines
22:41 Castle Age
22:21 Bloodlines
22:10 Horse Collar
22:34 Stone Mining
24:56 Scale Barding Armor
26:09 Gillnets
27:09 Heavy Plow
29:24 Wheelbarrow
29:11 Gold Mining
30:45 Forging
31:21 Husbandry
34:15 Vendel Legacy
36:33 Iron Casting
41:13 Imperial Age
41:19 Cavalier
43:50 Blast Furnace
43:58 Chain Barding Armor
47:35 Plate Barding Armor
49:49 Conscription
Connection lost

Rejoining the realm…

Still unreachable

The connection could not be restored.

Session expired

The server has moved on; the page needs a fresh start.